 Dungeon Crawl Stone Soup version 0.31-a0-182-gc5ef74bbde (webtiles) character file.

Game seed: 13798057230707288874

431 mopl the Magician (level 7, -1/41 HPs)
             Began as an Octopode Hedge Wizard on June 21, 2023.
             Slain by an orc
             ... wielding a +0 hand axe
              (3 damage)
             ... on level 5 of the Dungeon.
             The game lasted 00:04:20 (2920 turns).

mopl the Magician (Octopode Hedge Wizard)           Turns: 2920, Time: 00:04:22

Health: -1/41      AC:  1    Str: 10    XL:     7   Next: 0%
Magic:  0/13       EV: 13    Int: 18    God:
Gold:   107        SH:  0    Dex: 11    Spells: 7/15 levels left

rFire   + + .        a - staff of fire
rCold   x . .        (no shield)
rNeg    + . .        b - +0 hat
rPois   +            e - amulet of guardian spirit
rElec   .            i - ring of positive energy
rCorr   .            n - ring of wizardry
SInv    .            p - ring of poison resistance
Will    .....        o - ring of fire
Stlth   +++          (no ring)
HPRegen 0.26/turn    (no ring)
MPRegen 0.13/turn    (no ring)
                     (no ring)

%: guardian spirit, wizardry (x1)
@: no status effects
A: almost no armour, amphibious, 8 rings, camouflage 1, gelatinous body 1,
(nimble swimmer 1), tentacles
a: no special abilities


You were on level 5 of the Dungeon.
You visited 1 branch of the dungeon, and saw 5 of its levels.

You collected 107 gold pieces.

Inventory:

Hand Weapons
 B - a +0 dagger
Missiles
 u - 4 silver boomerangs
 C - 3 poisoned darts
Armour
 b - a +0 hat (worn)
Magical Staves
 a - a staff of fire (weapon)
Jewellery
 e - an amulet of guardian spirit (around mantle)
 i - a ring of positive energy (left tentacle)
 n - a ring of wizardry (right tentacle)
 o - a ring of fire (on tentacle)
 p - a ring of poison resistance (on tentacle)
Wands
 x - a wand of light (5)
 y - a wand of charming (9)
 z - a wand of digging (6)
Scrolls
 d - a scroll of vulnerability {unknown}
 g - 5 scrolls of enchant weapon {unknown}
 j - a scroll of silence {unknown}
 k - 4 scrolls of identify {unknown}
 l - a scroll of noise {unknown}
 q - 2 scrolls of teleportation {unknown}
 r - 3 scrolls of revelation {unknown}
 s - 2 scrolls of amnesia {unknown}
 A - a scroll of fog {unknown}
Potions
 c - 2 potions of magic
 f - a potion of heal wounds {unknown}
 h - a potion of brilliance {unknown}
 m - a potion of invisibility {unknown}
 t - a potion of haste {unknown}
 v - a potion of degeneration {unknown}
 w - a potion of curing


   Skills:
 - Level 2.0 Dodging
 - Level 2.6 Stealth
 + Level 4.5 Spellcasting
 + Level 3.7 Conjurations
 - Level 1.0 Summonings
 - Level 3.0 Translocations
 + Level 2.9 Fire Magic
 - Level 1.0 Poison Magic
 + Level 0.0 Evocations


You had 7 spell levels left.
You knew the following spells:

 Your Spells              Type           Power      Damage    Failure   Level
a - Magic Dart            Conj           68%        1d6       1%          1
b - Scorch                Fire           64%        2d7       2%          2
c - Mephitic Cloud        Conj/Pois/Air  9%         N/A       9%          3
e - Blink                 Tloc           28%        N/A       2%          2

Your spell library contained the following spells:

 Spells                   Type           Power      Damage    Failure   Level
 Slow                     Hex            16%        N/A       6%          1
 Call Imp                 Summ           14%        N/A       6%          2
 Cigotuvi's Dreadful Rot  Necr/Pois/Air  10%        N/A       8%          2
 Sublimation of Blood     Necr           4%         N/A       9%          2
 Wereblood                Tmut           4%         N/A       9%          2
 Flame Wave               Conj/Fire      36%        2d10      14%         4
 Summon Cactus Giant      Summ           3%         N/A       99%         6
 Summon Hydra             Summ           3%         N/A       100%        7


Dungeon Overview and Level Annotations

Branches:
Dungeon (5/15)
 Temple: D:4-7

Altars:
Ashenzari
Cheibriados
Dithmenos
Gozag
Makhleb
Yredelemnul


Innate Abilities, Weirdness & Mutations

You cannot wear most types of armour.
You are amphibious.
You can wear up to eight rings at the same time.
Your skin changes colour to match your surroundings (Stealth+).
Your rubbery body absorbs attacks. (AC +1, EV +1)
((You are camouflaged when in or above water. (Stealth+)))
You have tentacles for arms and can constrict up to eight enemies at once.


Message History

The orc's fire resistance burns away.
The orc wizard gestures at you while chanting.
You are confused.
The orc closely misses you.
You're too confused to cast spells.
You're too confused to cast spells.
You're too confused to cast spells.
Unknown command.
An orc comes into view. It is wielding a +0 short sword.
The orc barely misses you. The orc hits you with a +0 short sword.
You hit the orc.
The orc is moderately wounded.
The orc hits you with a +0 hand axe. The orc misses you.
The orc attacks as you move away! The orc hits you with a +0 short sword.
The orc is no longer more vulnerable to fire.
The orc wizard mumbles some strange words.
The orc wizard flickers and vanishes!
Deactivating autopickup; reactivate with Ctrl-A.
The orc closely misses you.
The orc throws a boomerang.
The boomerang closely misses you.
You hit the orc.
You kill the orc!
The orc hits you with a +0 hand axe!
The orc throws a boomerang.
The boomerang hits you.
* * * LOW HITPOINT WARNING * * *
An orc comes into view. It is wielding a +0 short sword.
You have reached level 7!
You hit the orc but do no damage.
The orc is moderately wounded.
The orc barely misses you.
The orc throws a boomerang.
The boomerang hits you.
* * * LOW HITPOINT WARNING * * *
The orc hits you with a +0 hand axe.
* * * LOW HITPOINT WARNING * * *
It was a potion of curing.
You feel better.
You hear some strange, mumbled words.
A magic dart appears from out of thin air!
The magic dart hits you!
* * * LOW HITPOINT WARNING * * *
The orc hits you with a +0 hand axe.
You die...

######'#####
#.)....[...#
#..........#
###........^.#
#...........:#
###...#.##+#####
#####..._..!#
.#...........##
....o.o.{@....#
#....._.o⌠.._.#
##.......o.....+
#.!.............
#......._........
#................
#...........##.##
#..............#
######....##.#


You could see 4 orcs.

Vanquished Creatures
  2 black bears
  2 scorpions (D:4)
  A sleepcap (D:5)
  2 adders
  An ufetubus (D:4)
  A worm (D:3)
  A dart slug (D:1)
  3 orcs
  7 endoplasms
  5 giant cockroaches
  7 goblins
  10 hobgoblins
  8 kobolds
  3 quokkas
  3 ball pythons
  4 bats
  5 frilled lizards
  9 rats
74 creatures vanquished.

Notes
Turn   | Place    | Note
-------+----------+-------------------------------------------
     0 | D:1      | mopl the Octopode Hedge Wizard began the quest for the Orb.
     0 | D:1      | Reached XP level 1. HP: 11/11 MP: 4/4
   127 | D:1      | Reached XP level 2. HP: 16/17 MP: 6/6
   134 | D:1      | Learned a level 2 spell: Blink
   463 | D:1      | Reached XP level 3. HP: 21/21 MP: 7/7
   616 | D:1      | Learned a level 3 spell: Mephitic Cloud
   658 | D:2      | Reached skill level 2 in Conjurations
   687 | D:2      | Learned a level 2 spell: Scorch
   750 | D:2      | Reached skill level 2 in Translocations
  1272 | D:3      | Reached XP level 4. HP: 27/27 MP: 9/9
  1509 | D:3      | Reached skill level 1 in Poison Magic
  1958 | D:4      | Noticed a scorpion
  1974 | D:4      | Killed a scorpion
  1975 | D:4      | Reached skill level 1 in Fire Magic
  1975 | D:4      | Reached XP level 5. HP: 14/31 MP: 0/10
  2325 | D:4      | Found a broken altar of Ashenzari.
  2339 | D:4      | Reached skill level 4 in Spellcasting
  2490 | D:4      | Noticed a black bear
  2497 | D:4      | Killed a black bear
  2498 | D:4      | Reached skill level 3 in Conjurations
  2498 | D:4      | Reached skill level 3 in Translocations
  2498 | D:4      | Reached skill level 2 in Fire Magic
  2498 | D:4      | Reached XP level 6. HP: 36/36 MP: 0/12
  2512 | D:4      | Found a basalt altar of Yredelemnul.
  2604 | D:5      | Entered Level 5 of the Dungeon
  2646 | D:5      | Noticed a black bear
  2695 | D:5      | Killed a black bear
  2899 | D:5      | Found a snail-covered altar of Cheibriados.
  2905 | D:5      | Found a burning altar of Makhleb.
  2905 | D:5      | Found a shadowy altar of Dithmenos.
  2908 | D:5      | Found an opulent altar of Gozag.
  2919 | D:5      | Reached XP level 7. HP: 10/41 MP: 1/13
  2919 | D:5      | HP: 2/41 [orc/+0 hand axe (3)]
  2920 | D:5      | Slain by an orc

Illustrated notes

Levels and vault maps discovered:
D:1:      dpeg_arrival_ratfight, layout_basic
D:2:      layout_basic, minmay_misc_feat_chi
D:3:      layout_basic, lexackson_kobold_supper
D:4:      layout_basic, overflow_temple_1_default, mainiacjoe_overflow_alcove_4
D:5:      layout_basic, grunt_temple_overflow_open

Skill      XL: |  1  2  3  4  5 |
---------------+----------------+-----
Conjurations   | 2 3 |  3.7
Translocations | 2 3 |  3.0
Poison Magic   | 1 |  1.0
Fire Magic     | 1 2 |  2.9
Spellcasting   | 4 |  4.5
Dodging        | |  2.0
Stealth        | |  2.6
Summonings     | |  1.0

Action                     |  1- 3 |  4- 6 |  7- 9 || total
---------------------------+-------+-------+-------++-------
  Melee: Dagger            |    76 |    72 |       ||   148
         Constrict         |    18 |    15 |       ||    33
         Tentacles         |    12 |    12 |       ||    24
         Staff             |       |     2 |     1 ||     3
   Cast: Magic Dart        |    22 |    22 |       ||    44
         Scorch            |       |    12 |       ||    12
    Use: Potion            |       |       |     1 ||     1
   Stab: Sleeping          |    12 |     8 |       ||    20
 Armour: Skin              |     5 |     5 |       ||    10
  Dodge: Dodged            |    38 |    44 |     1 ||    83

Table legend: (Time is in decaauts)
 A = Elapsed time spent in this place.
 B = Non-inter-level travel time spent in this place.
 C = Inter-level travel time spent in this place.
 D = Time resting spent in this place.
 E = Time spent auto-exploring this place.
 F = Levels seen in this place.
 G = Mean time per level.
                   A        B        C        D        E       F      G
               +--------+--------+--------+--------+--------+-----+--------+
         Total |   2917 |   2818 |     99 |    182 |   2114 |   5 |  583.4 |
       Dungeon |   2917 |   2818 |     99 |    182 |   2114 |   5 |  583.4 |
               +--------+--------+--------+--------+--------+-----+--------+

Top non-repeatable levels by time:
     D:4: 774 daAuts
     D:3: 655 daAuts
     D:1: 638 daAuts
     D:2: 532 daAuts
     D:5: 315 daAuts
